 Dungeon Crawl Stone Soup version 0.31-a0-217-g58bb5d79cf (webtiles) character file.

Game seed: 4428766241909407520

3147 qw the Skirmisher (level 9, -1/57 HPs)
             Began as a Gargoyle Hexslinger on July 3, 2023.
             Was a Believer of Okawaru.
             Slain by a fire elemental (13 damage)
             ... summoned by a deep elf pyromancer
             ... on level 8 of the Dungeon.
             The game lasted 00:03:50 (7569 turns).

qw the Skirmisher (Gargoyle Hexslinger)             Turns: 7569, Time: 00:03:51

Health: -1/57      AC: 23    Str: 13    XL:     9   Next: 93%
Magic:  10/12      EV: 14    Int: 13    God:    Okawaru [**....]
Gold:   307        SH:  0    Dex: 16    Spells: 9/10 levels left

rFire   . . .        Y - +3 sling (drain)
rCold   . . .        (no shield)
rNeg    + . .        q - +1 swamp dragon scales
rPois   inf          h - +2 helmet
rElec   +            (no cloak)
rCorr   .            (no gloves)
SInv    .            b - +1 pair of boots
Will    .....        e - amulet of faith
Stlth   ++           (no ring)
HPRegen 0.29/turn    (no ring)
MPRegen 0.13/turn

%: faith
@: heroic
A: sickness immunity, AC +6, negative energy resistance 1, electricity
resistance, torment resistance 1, petrification resistance
a: Renounce Religion, Heroism


You were on level 8 of the Dungeon.
You worshipped Okawaru.
Okawaru was pleased with you.
You visited 2 branches of the dungeon, and saw 9 of its levels.
You also visited: Sewer and Ossuary.

You collected 430 gold pieces.
You spent 123 gold pieces at shops.


Innate Abilities, Weirdness & Mutations

You are immune to sickness and miasma.
Your stone body is resilient. (AC +6)
You are immune to poison.
You resist negative energy. (rN+)
You are resistant to electric shocks. (rElec)
You are resistant to unholy torment.
You are immune to petrification.


   Skills:
 - Level 7.0(12.0) Fighting
 + Level 10.5(15.5) Ranged Weapons
 - Level 4.0(9.0) Armour
 - Level 2.5(7.5) Dodging
 - Level 1.0 Spellcasting
 - Level 2.6 Hexes
 - Level 4.1 Invocations


You had 9 spell levels left.
You knew the following spells:

 Your Spells              Type           Power      Damage    Failure   Level
a - Slow                  Hex            28%        N/A       17%         1

Your spell library contained the following spells:

 Spells                   Type           Power      Damage    Failure   Level
 Inner Flame              Hex/Fire       4%         N/A       65%         3
 Portal Projectile        Hex/Tloc       8%         N/A       65%         3
 Cause Fear               Hex            3%         N/A       86%         4

Inventory:

Hand Weapons
 Y - a +3 sling of draining (weapon)
Armour
 b - a +1 pair of boots (worn)
 h - a +2 helmet (worn)
 q - +1 swamp dragon scales (worn)
Jewellery
 c - a ring of ice
 e - an amulet of faith (around neck)
 j - a ring of fire
Scrolls
 a - a scroll of identify
 l - 2 scrolls of teleportation
Potions
 d - a potion of might
 f - a potion of curing
 g - 3 potions of heal wounds
 i - 3 potions of mutation
 k - 5 potions of enlightenment
 m - a potion of resistance
 n - a potion of haste
 o - a potion of attraction {unknown}
 p - a potion of berserk rage {unknown}
 r - a potion of cancellation {unknown}

Dungeon Overview and Level Annotations

Branches:
Dungeon (8/15)             Temple (1/1) D:4           Sewer (visited)
Ossuary (visited)
   Lair: D:8-11

Altars:
Cheibriados
Dithmenos
Elyvilon
Fedhas
Gozag
Hepliaklqana
Kikubaaqudgha
Makhleb
Nemelex Xobeh
Okawaru
Qazlal
Ru
Sif Muna
Trog
Uskayaw
Vehumet
Wu Jian
Xom
Yredelemnul
Zin
The Shining One

Shops:
D:3 :   D:5 *   D:6 [


Message History

Enter note:
Enter note:
Enter note:
Enter note:
Enter note:
Enter note:
Enter note:
Enter note:
Enter note: You shoot a sling bullet.
The sling bullet hits the fire elemental!
The fire elemental is moderately damaged.
The fire elemental hits you. The fire elemental burns you!
You shoot a sling bullet.
The sling bullet hits the fire elemental but does no damage.
The fire elemental is moderately damaged.
The fire elemental hits you. The fire elemental burns you!
7565 ||| INVOKING Heroism.
You gain the combat prowess of a mighty hero.
The fire elemental closely misses you.
You shoot a sling bullet.
The sling bullet hits the fire elemental but does no damage.
The fire elemental is moderately damaged.
The fire elemental barely misses you.
You shoot a sling bullet.
The sling bullet hits the fire elemental!
The fire elemental is heavily damaged.
The fire elemental hits you. The fire elemental burns you!
You shoot a sling bullet.
The sling bullet hits the fire elemental.
The fire elemental is severely damaged.
The fire elemental hits you. The fire elemental burns you!
You shoot a sling bullet.
The sling bullet hits the fire elemental.
The fire elemental is almost destroyed.
The fire elemental hits you. The fire elemental burns you!
The deep elf pyromancer gestures wildly while chanting.
The deep elf pyromancer blinks!
The fire elemental hits you. The fire elemental burns you!
You die...

#### #ยค.E## ###
#@# ####.#. #.#
###....#.###.#
####......##...###
##.......##.##'##.#
.).....#####......#
....)...# ##.....#
###......# #....##
# #......# ##...#


You could see a fire elemental (summoned).

Vanquished Creatures
  Maggie (D:7)
  Eustachio (D:6)
  Menkaure (D:6)
  An acid dragon (D:7)
  Duvessa (D:6)
  An orc warrior (D:8)
  2 ice beasts
  2 black bears
  An ogre (D:6)
  Blork the orc (D:6)
  4 bullfrogs
  2 gnoll sergeants (D:8)
  A kobold brigand (D:8)
  A scorpion (D:6)
  Dowan (D:6)
  3 centaur zombies (Ossuary)
  3 jellies
  A human zombie (Ossuary)
  2 orc priests (D:8)
  5 hounds
  7 orc wizards
  A sleepcap (D:7)
  5 iguanas
  A sickly merfolk siren (Sewer)
  A malarious merfolk avatar (Sewer)
  4 mummies (Ossuary)
  8 gnolls (D:8)
  10 adders
  A shadow imp (D:7)
  An ufetubus (D:7)
  3 worms
  4 dart slugs
  23 orcs
  13 ball pythons
  5 bats
  9 endoplasms
  6 giant cockroaches
  A gnoll zombie (Ossuary)
  6 hobgoblins
  7 jackals
  8 kobolds
  6 quokkas
  7 frilled lizards
  10 goblins
  A goblin zombie (Ossuary)
  2 hobgoblin zombies (Ossuary)
  19 rats
204 creatures vanquished.

Notes
Turn   | Place    | Note
-------+----------+-------------------------------------------
     0 | D:1      | qw the Gargoyle Hexslinger began the quest for the Orb.
     0 | D:1      | Reached XP level 1. HP: 12/12 MP: 2/2
     0 | D:1      | 0 ||| qw: Version: 0.3-a-40-ge99b1a8
     0 | D:1      | 0 ||| qw: Game counter: 291
     0 | D:1      | 0 ||| qw: Melee chars always use a shield: true
     0 | D:1      | 0 ||| qw: God list: Okawaru
     0 | D:1      | 0 ||| qw: Allow faded altars: false
     0 | D:1      | 0 ||| qw: Do Orc after clearing Dungeon:15 true
     0 | D:1      | 0 ||| qw: Do second Lair branch before Depths: true
     0 | D:1      | 0 ||| qw: Lair rune preference: random
     0 | D:1      | 0 ||| qw: Goals: Normal
     0 | D:1      | 0 ||| PLANNING D:1-11
    93 | D:1      | 93 ||| FLEEEEING.
    94 | D:1      | 94 ||| FLEEEEING.
    95 | D:1      | 95 ||| FLEEEEING.
    96 | D:1      | 96 ||| FLEEEEING.
   100 | D:1      | Reached XP level 2. HP: 15/16 MP: 3/3
   256 | D:1      | Reached skill level 3 in Ranged Weapons
   436 | D:1      | Reached XP level 3. HP: 21/21 MP: 4/4
   624 | D:1      | 624 ||| UPGRADING to +0 leather armour.
   634 | D:1      | 634 ||| DROPPING +0 robe.
   635 | D:1      | 635 ||| UPGRADING to +0 helmet.
   640 | D:1      | 640 ||| READING scroll labelled ERORYS NEFF.
   641 | D:1      | 641 ||| READING scroll labelled WIVISH HUULA.
   642 | D:1      | 642 ||| DRINKING 3 black potions.
   643 | D:1      | 643 ||| DROPPING scroll of poison.
   734 | D:2      | 734 ||| READING scroll of enchant armour.
   734 | D:2      | 734 ||| ENCHANTING +0 helmet.
  1207 | D:2      | Reached XP level 4. HP: 26/26 MP: 5/5
  1333 | D:2      | 1333 ||| UPGRADING to +0 ring mail.
  1343 | D:2      | 1343 ||| DROPPING +0 leather armour.
  1344 | D:2      | 1344 ||| READING 2 scrolls labelled HEKHAFR LERGHO.
  1345 | D:2      | 1345 ||| DRINKING 2 white potions.
  1358 | D:3      | Found Iraikh's Book Boutique.
  1417 | D:3      | Reached skill level 1 in Armour
  1431 | D:3      | Reached skill level 4 in Ranged Weapons
  1596 | D:3      | Identified the +9 falchion of Agony {freeze, Str+2 Int+3}
  1936 | D:3      | Reached XP level 5. HP: 30/30 MP: 6/6
  2042 | D:3      | 2042 ||| UPGRADING to amulet of faith.
  2047 | D:3      | 2047 ||| READING scroll labelled WITAIT GENUAWK.
  2065 | D:4      | 2065 ||| PLANNING SEWER
  2137 | D:4      | Found a glowing drain.
  2138 | D:4      | 2138 ||| DRINKING 2 silvery potions.
  2193 | Sewer    | Entered a sewer
  2253 | Sewer    | Reached skill level 5 in Ranged Weapons
  2299 | Sewer    | 2299 ||| Stepping ~*~*~tactically~*~*~ (water).
  2301 | Sewer    | 2301 ||| Stepping ~*~*~tactically~*~*~ (water).
  2387 | Sewer    | 2387 ||| Stepping ~*~*~tactically~*~*~ (water).
  2397 | Sewer    | Reached skill level 3 in Fighting
  2446 | Sewer    | Reached XP level 6. HP: 37/37 MP: 7/7
  2513 | Sewer    | 2513 ||| READING scroll labelled YCOGUTW TIURR.
  2537 | D:4      | 2537 ||| PLANNING D:1-11
  2587 | D:4      | Noticed a black bear
  2595 | D:4      | Found a staircase to the Ecumenical Temple.
  2596 | D:4      | 2596 ||| PLANNING TEMPLE
  2603 | Temple   | Entered the Ecumenical Temple
  2644 | Temple   | 2644 ||| PLANNING D:1-11
  2666 | D:4      | 2666 ||| SWAPPING to +2 sling of draining.
  2667 | D:4      | 2667 ||| DROPPING +1 sling.
  2716 | D:4      | Killed a black bear
  2717 | D:4      | Reached skill level 6 in Ranged Weapons
  2875 | D:4      | Found a hide-covered altar of Uskayaw.
  2875 | D:4      | Found a glowing silver altar of Zin.
  3362 | D:4      | 3362 ||| READING 2 scrolls labelled HUAP COCOFOE.
  3363 | D:4      | 3363 ||| READING scroll labelled VAUJ GAPLURI.
  3364 | D:4      | 3364 ||| DROPPING scroll of blinking.
  3385 | D:5      | Entered Level 5 of the Dungeon
  3427 | D:5      | Noticed an ice beast
  3439 | D:5      | Killed an ice beast
  3440 | D:5      | Reached XP level 7. HP: 21/44 MP: 8/8
  3569 | D:5      | Found Miomudgh's General Store.
  3574 | D:5      | 3574 ||| SHOPLISTING +2 robe of Qiunij {Will+} (302 gold,
                  | have 181).
  3574 | D:5      | 3574 ||| BUYING scroll of enchant armour (97 gold).
  3574 | D:5      | Bought a scroll of enchant armour for 97 gold pieces
  3574 | D:5      | 3574 ||| BUYING scroll of identify (26 gold).
  3574 | D:5      | Bought a scroll of identify for 26 gold pieces
  3574 | D:5      | 3574 ||| READING scroll of enchant armour.
  3574 | D:5      | 3574 ||| ENCHANTING +1 helmet.
  3950 | D:5      | Found an iron altar of Okawaru.
  3951 | D:5      | 3951 ||| PLANNING OKAWARU WORSHIP
  3951 | D:5      | 3951 ||| DRINKING 2 smoky clear potions.
  3952 | D:5      | 3952 ||| READING 2 scrolls of identify.
  3952 | D:5      | 3952 ||| IDENTIFYING brown potion
  3953 | D:5      | 3953 ||| DROPPING potion of degeneration.
  3960 | D:5      | Became a worshipper of Warmaster Okawaru
  3961 | D:5      | 3961 ||| PLANNING D:1-11
  4216 | D:5      | Found a snail-covered altar of Cheibriados.
  4299 | D:6      | Noticed Eustachio
  4307 | D:6      | 4307 ||| Stepping ~*~*~tactically~*~*~ (outnumbered).
  4344 | D:6      | Killed Eustachio
  4344 | D:6      | Reached * piety under Okawaru
  4345 | D:6      | Reached skill level 7 in Ranged Weapons
  4478 | D:6      | Reached skill level 1 in Invocations
  4590 | D:6      | Reached XP level 8. HP: 44/48 MP: 9/9
  4730 | D:6      | 4730 ||| INVOKING Heroism.
  4792 | D:6      | Reached skill level 8 in Ranged Weapons
  4804 | D:6      | 4804 ||| INVOKING Heroism.
  4814 | D:6      | Reached skill level 3 in Invocations
  4828 | D:6      | Found an ornate altar of the Wu Jian Council.
  4830 | D:6      | Noticed Menkaure
  4831 | D:6      | 4831 ||| INVOKING Heroism.
  4832 | D:6      | 4832 ||| INVOKING Heroism.
  4844 | D:6      | Killed Menkaure
  5009 | D:6      | Noticed Blork the orc
  5010 | D:6      | 5010 ||| INVOKING Heroism.
  5022 | D:6      | Killed Blork the orc
  5049 | D:6      | 5049 ||| INVOKING Heroism.
  5124 | D:6      | Noticed Duvessa
  5125 | D:6      | 5125 ||| INVOKING Heroism.
  5130 | D:6      | Noticed Dowan
  5131 | D:6      | Killed Duvessa
  5139 | D:6      | Killed Dowan
  5225 | D:6      | Found Pyneraij's Antique Armour Shoppe.
  5235 | D:6      | 5235 ||| SHOPLISTING runed helmet (195 gold, have 141).
  5235 | D:6      | 5235 ||| READING scroll labelled BEPAEC OHEY.
  5249 | D:6      | Reached skill level 9 in Ranged Weapons
  5249 | D:6      | Reached XP level 9. HP: 45/54 MP: 12/12
  5465 | D:6      | 5465 ||| UPGRADING to +2 ring mail of positive energy.
  5475 | D:6      | 5475 ||| DROPPING +0 ring mail.
  5488 | D:7      | 5488 ||| PLANNING OSSUARY
  5497 | D:7      | 5497 ||| STAIRDANCE
  5500 | D:6      | 5500 ||| INVOKING Heroism.
  5610 | D:7      | 5610 ||| STAIRDANCE
  5770 | D:7      | 5770 ||| FLEEEEING.
  5771 | D:7      | 5771 ||| FLEEEEING.
  5779 | D:7      | 5779 ||| FLEEEEING.
  5780 | D:7      | 5780 ||| FLEEEEING.
  5781 | D:7      | 5781 ||| FLEEEEING.
  5786 | D:7      | 5786 ||| FLEEEEING.
  5787 | D:7      | 5787 ||| FLEEEEING.
  5788 | D:7      | 5788 ||| FLEEEEING.
  5789 | D:7      | 5789 ||| FLEEEEING.
  5790 | D:7      | 5790 ||| FLEEEEING.
  5791 | D:7      | 5791 ||| FLEEEEING.
  5802 | D:7      | 5802 ||| FLEEEEING.
  5805 | D:7      | 5805 ||| STAIRDANCE
  5873 | D:6      | 5873 ||| UPGRADING to +0 pair of boots.
  5878 | D:6      | 5878 ||| READING scroll of enchant armour.
  5878 | D:6      | 5878 ||| ENCHANTING +0 pair of boots.
  5901 | D:7      | 5901 ||| DRINKING 2 potions of curing.
  5901 | D:7      | 5901 ||| (to cure confusion)
  5907 | D:7      | Reached skill level 6 in Fighting
  5936 | D:7      | Noticed Maggie
  5968 | D:7      | 5968 ||| INVOKING Heroism.
  5975 | D:7      | Killed Maggie
  6082 | D:7      | Found a sand-covered staircase.
  6083 | D:7      | 6083 ||| UPGRADING to +1 swamp dragon scales.
  6093 | D:7      | 6093 ||| DROPPING +2 ring mail of positive energy.
  6101 | Ossuary  | Entered an ossuary
  6143 | Ossuary  | Reached skill level 3 in Armour
  6185 | Ossuary  | 6185 ||| FLEEEEING.
  6186 | Ossuary  | 6186 ||| FLEEEEING.
  6187 | Ossuary  | 6187 ||| FLEEEEING.
  6188 | Ossuary  | 6188 ||| FLEEEEING.
  6189 | Ossuary  | 6189 ||| FLEEEEING.
  6193 | Ossuary  | 6193 ||| FLEEEEING.
  6431 | Ossuary  | 6431 ||| DRINKING 2 purple potions.
  6432 | Ossuary  | 6432 ||| DROPPING potion of invisibility.
  6448 | D:7      | 6448 ||| PLANNING D:1-11
  6569 | D:7      | Reached skill level 10 in Ranged Weapons
  6600 | D:7      | Found a sacrificial altar of Ru.
  6772 | D:7      | 6772 ||| READING 2 scrolls of identify.
  6772 | D:7      | 6772 ||| IDENTIFYING fizzy ruby potion
  6822 | D:8      | 6822 ||| INVOKING Heroism.
  6853 | D:8      | Found a burning altar of Makhleb.
  7054 | D:8      | 7054 ||| INVOKING Heroism.
  7153 | D:8      | 7153 ||| Stepping ~*~*~tactically~*~*~ (outnumbered).
  7170 | D:8      | Reached ** piety under Okawaru
  7171 | D:8      | 7171 ||| FLEEEEING.
  7172 | D:8      | 7172 ||| FLEEEEING.
  7173 | D:8      | 7173 ||| FLEEEEING.
  7272 | D:8      | 7272 ||| FLEEEEING.
  7273 | D:8      | 7273 ||| FLEEEEING.
  7274 | D:8      | 7274 ||| FLEEEEING.
  7279 | D:8      | 7279 ||| FLEEEEING.
  7280 | D:8      | 7280 ||| FLEEEEING.
  7281 | D:8      | 7281 ||| FLEEEEING.
  7282 | D:8      | 7282 ||| FLEEEEING.
  7283 | D:8      | 7283 ||| FLEEEEING.
  7284 | D:8      | 7284 ||| FLEEEEING.
  7285 | D:8      | 7285 ||| FLEEEEING.
  7286 | D:8      | 7286 ||| FLEEEEING.
  7294 | D:8      | 7294 ||| FLEEEEING.
  7295 | D:8      | 7295 ||| FLEEEEING.
  7296 | D:8      | 7296 ||| FLEEEEING.
  7297 | D:8      | 7297 ||| FLEEEEING.
  7298 | D:8      | 7298 ||| FLEEEEING.
  7299 | D:8      | 7299 ||| FLEEEEING.
  7300 | D:8      | 7300 ||| FLEEEEING.
  7301 | D:8      | 7301 ||| FLEEEEING.
  7302 | D:8      | 7302 ||| FLEEEEING.
  7303 | D:8      | 7303 ||| FLEEEEING.
  7304 | D:8      | 7304 ||| FLEEEEING.
  7305 | D:8      | 7305 ||| FLEEEEING.
  7306 | D:8      | 7306 ||| FLEEEEING.
  7307 | D:8      | 7307 ||| FLEEEEING.
  7309 | D:8      | 7309 ||| STAIRDANCE
  7380 | D:7      | 7380 ||| READING 2 scrolls of identify.
  7380 | D:7      | 7380 ||| IDENTIFYING fuming dark potion
  7384 | D:8      | 7384 ||| STAIRDANCE
  7433 | D:8      | 7433 ||| STAIRDANCE
  7512 | D:8      | 7512 ||| INVOKING Heroism.
  7562 | D:8      | Noticed a deep elf pyromancer
  7565 | D:8      | 7565 ||| INVOKING Heroism.
  7569 | D:8      | HP: 12/57 [fire elemental[a deep elf pyromancer] (8)]
  7569 | D:8      | Slain by a fire elemental

Levels and vault maps discovered:
D:1:      dpeg_arrival_rooms_c, layout_loops_ring
D:2:      layout_basic
D:3:      layout_loops_ring, serial_shops, shop
D:4:      layout_basic, gammafunk_temple_overflow_wave,
          minmay_temple_entry_trees, gup_sewer_entry_glass
D:5:      layout_loops_corners, kennysheep_slug_shrine, okawaru_gym_becter,
          serial_shops, nicolae_shop_competitors_out_of_business
D:6:      layout_cave_pods, mainiacjoe_overflow_alcove_1, serial_shops,
          nicolae_square_shop, grunt_ministairs_3, uniq_blork_the_orc,
          uniq_eustachio, uniq_menkaure, uniq_duvessa
D:7:      layout_rooms, mainiacjoe_overflow_catwalk, nicolae_ossuary_entry_plus,
          hangedman_decor_peaks_small, grunt_ministairs_10, uniq_maggie
D:8:      layout_cave_pods, overflow_temple_1_default, kennysheep_just_a_vault
Temple:   nicolae_temple_ecumenical_triangle

Skill      XL: |  1  2  3  4  5  6  7  8  9 |
---------------+----------------------------+-----
Ranged Weapons | 3 4 5 6 7 9 10 | 10.5
Fighting       | 2 3 4 5 7 |  7.0
Armour         | 1 2 4 |  4.0
Invocations    | 1 4 |  4.1
Dodging        | 2 |  2.5
Spellcasting   | |  1.0
Hexes          | |  2.6

Action                     |  1- 3 |  4- 6 |  7- 9 || total
---------------------------+-------+-------+-------++-------
   Fire: Sling             |    98 |   301 |   514 ||   913
 Invoke: Heroism           |       |       |    12 ||    12
    Use: Scroll            |     3 |     5 |     6 ||    14
         Potion            |     1 |     2 |     3 ||     6
 Armour: Robe              |     6 |       |       ||     6
         Leather armour    |     2 |     1 |       ||     3
         Ring mail         |       |   115 |   140 ||   255
         Swamp dragon scal |       |       |    77 ||    77
  Dodge: Dodged            |    15 |   114 |   220 ||   349

Table legend:
 A = Non-vault XP
 B = Vault XP
 C = Vault XP percentage of total XP
 D = Non-vault monster count
 E = Vault monster count
 F = Vault count percentage of total count
                 A         B        C        D         E       F
            +---------+---------+-------+---------+---------+-------
      Total |    2724 |    1772 |  39.4 |     145 |      59 |  28.9
            +---------+---------+-------+---------+---------+-------
        D:1 |      46 |       0 |   0.0 |      25 |       0 |   0.0
        D:2 |      39 |       0 |   0.0 |      17 |       0 |   0.0
        D:3 |      83 |       0 |   0.0 |      19 |       0 |   0.0
        D:4 |     203 |      32 |  13.6 |      17 |       5 |  22.7
        D:5 |     367 |       4 |   1.1 |       8 |       1 |  11.1
        D:6 |     764 |     915 |  54.5 |      21 |       9 |  30.0
        D:7 |     406 |     434 |  51.7 |      13 |       1 |   7.1
        D:8 |     816 |       0 |   0.0 |      25 |       0 |   0.0
      Sewer |       0 |     128 | 100.0 |       0 |      31 | 100.0
    Ossuary |       0 |     259 | 100.0 |       0 |      12 | 100.0
            +---------+---------+-------+---------+---------+-------
